 Dungeon Crawl Stone Soup version 0.19.0 (webtiles) character file.

8341 bombasticus the Cruncher (level 11, -6/99 HPs)
             Began as a Minotaur Berserker on Nov 15, 2016.
             Was a High Priest of Trog.
             Mangled by a hill giant
             ... wielding a +0 giant club
              (18 damage)
             ... on level 10 of the Dungeon.
             The game lasted 00:27:35 (8951 turns).

bombasticus the Cruncher (Minotaur Berserker)       Turns: 8951, Time: 00:27:36

Health: -6/99      AC: 10    Str: 25    XL:     11   Next: 8%
Magic:  10/10      EV: 16    Int:  4    God:    Trog [*****.]
Gold:   566        SH:  0    Dex: 16    Spells: 0 memorised, 10 levels left

rFire  . . .     SeeInvis .     B - +4 quarterstaff (chaos)
rCold  + . .     Gourm    .     E - +1 leather armour {rC+}
rNeg   . . .     Faith    .     (shield currently unavailable)
rPois  +         Spirit   .     (helmet restricted)
rElec  .         Reflect  .     C - +2 cloak {rPois}
rCorr  .         Harm     .     s - +0 pair of gloves
MR     .....                    k - +0 pair of boots
Stlth  ++++......               (no amulet)
                                y - +6 ring of dexterity
                                x - ring of stealth

@: no status effects
A: retaliatory headbutt, horns 2
a: Berserk, Trog's Hand, Brothers in Arms, Burn Spellbooks, Renounce Religion


You were on level 10 of the Dungeon.
You worshipped Trog.
Trog was extremely pleased with you.
You were not hungry.

You visited 1 branch of the dungeon, and saw 10 of its levels.

You collected 566 gold pieces.

Inventory:

Hand Weapons
 p - a +1 mace of protection
 u - a +4 dagger of venom
 z - a +2 flail of crushing
 A - a +0 dagger of draining
 B - a +4 quarterstaff of chaos (weapon)
 M - a cursed -3 dagger
 N - a +0 dagger of speed
 O - a cursed -1 flail
 P - a +0 dagger of venom
 T - a +3 short sword
 Y - a +1 scimitar of flaming
 Z - a cursed +0 trident
Missiles
 G - 6 tomahawks of returning
 Q - 8 javelins of penetration (quivered)
Armour
 k - a +0 pair of boots (worn)
 s - a +0 pair of gloves (worn)
 C - a +2 cloak of poison resistance (worn)
 E - a +1 leather armour of cold resistance (worn)
 K - a +0 large shield
Jewellery
 a - an uncursed ring of flight
 x - a ring of stealth (left hand)
 y - a +6 ring of dexterity (right hand)
Wands
 n - a wand of iceblast (9/15)
 L - a wand of paralysis (13/24)
 V - a wand of acid (8/15)
 X - a wand of acid (5/15)
Scrolls
 d - 3 scrolls of amnesia
 e - a scroll of magic mapping {unknown}
 f - 3 scrolls of recharging
 h - 2 scrolls of teleportation {unknown}
 l - 5 scrolls of fog {unknown}
 q - 9 scrolls of identify
 t - a scroll of noise {unknown}
 v - 3 scrolls of enchant weapon {unknown}
 F - a scroll of enchant armour {unknown}
 H - 8 scrolls of remove curse
 U - a scroll of summoning {unknown}
Potions
 b - a potion of mutation {unknown}
 i - a potion of flight {unknown}
 j - 7 potions of curing {unknown}
 m - 2 potions of heal wounds {unknown}
 D - 2 potions of agility
 I - a potion of might {unknown}
 J - a potion of cancellation {unknown}
 R - 2 potions of cure mutation {unknown}
 W - a potion of haste {unknown}
Comestibles
 c - 9 bread rations
 g - 7 fruits
 o - 10 beef jerkies
 r - 7 meat rations
 w - 3 slices of pizza
 S - 9 chunks of flesh


   Skills:
 + Level 9.8 Fighting
 + Level 4.8 Long Blades
 + Level 7.3(10.4) Maces & Flails
 + Level 11.5(12.3) Staves
 + Level 0.8 Throwing
 + Level 6.8 Armour
 + Level 6.0 Dodging
 + Level 5.4 Stealth
 + Level 0.1 Evocations


You had 10 spell levels left.
You didn't know any spells.

Dungeon Overview and Level Annotations

Branches:
Dungeon (10/15)            Temple (0/1) D:5            Lair (0/6) D:9
    Orc: D:9-12

Altars:
Cheibriados
Dithmenos
Nemelex Xobeh
Okawaru
Trog
Vehumet
Xom
Zin
The Shining One

Annotations:
D:7 2 runed doors
D:9 1 runed door


Innate Abilities, Weirdness & Mutations

You reflexively headbutt those who attack you in melee.
You have a pair of horns on your head.


Message History

This raw flesh tastes terrible.
You start resting.
You hear a distant blaring wail to the west.
A hill giant comes into view. It is wielding a giant club.
A hill giant is nearby!
The hill giant shouts!
The electric eel shoots out a bolt of lightning at you!
The bolt of electricity hits you! x2
The electric eel shoots out a bolt of lightning at you!
The bolt of electricity hits you! x2
* * * LOW HITPOINT WARNING * * *
You sock the hill giant! You headbutt the hill giant!
The hill giant is moderately wounded.
The electric eel shoots out a bolt of lightning at you!
The bolt of electricity hits you!
* * * LOW HITPOINT WARNING * * *
The bolt of electricity hits you!
* * * LOW HITPOINT WARNING * * *
The hill giant hits you with a giant club!!
You die...

≈≈;≈≈≈≈≈≈≈≈≈#.##.........<
≈≈≈≈≈≈≈≈≈≈≈.#.######......
≈≈≈≈≈;≈≈#.#.#.##.###...###
≈≈≈≈≈≈;...................
≈≈≈;≈≈≈...........#...###
#.#..###.#.#....#.#...###
.#$.....#.#.#..#.#......
..........................
#..#)####@#.#.##..........
#........C.......#.###....
#..............#.#.# #...
#..#.####.#.#..#.#.# #.##
# # #.#.#....# # #. #
#.#.# ### # #.# # ...


You could see a hill giant and an electric eel.

Vanquished Creatures
  Erica (D:10)
  The ghost of CanadianGator the Chopper, a novice MiBe of Trog (D:5)
  A komodo dragon (D:10)
  2 trolls
  2 hippogriffs
  A wyvern (D:8)
  2 hungry ghosts
  4 yaks (D:8)
  3 soldier ants (D:7)
  2 water moccasins (D:7)
  2 hell hounds (D:9)
  Duvessa (D:5)
  2 sky beasts
  4 phantoms
  The ghost of CanadianGator the Chopper, an amateur MiBe of Trog (D:3)
  5 ogres
  4 centaurs
  2 big kobolds
  6 bullfrogs
  2 water moccasin zombies (D:8)
  Dowan (D:5)
  3 scorpions
  4 killer bees (D:7)
  2 electric eels (D:10)
  2 howler monkeys
  3 bullfrog zombies
  3 crimson imps
  A jelly (D:6)
  4 hounds
  Crazy Yiuf (D:5)
  A bullfrog skeleton (D:5)
  7 orc priests
  9 orc wizards
  4 centaur skeletons
  Natasha (twice) (D:3)
  2 iguanas
  13 worker ants
  A killer bee zombie (D:10)
  3 hound skeletons (D:9)
  A howler monkey zombie (D:6)
  2 worker ant zombies
  3 gnolls (D:6)
  A howler monkey skeleton (D:9)
  12 adders
  A shadow imp (D:5)
  2 adder zombies
  4 worms
  2 dart slugs
  4 leopard geckos
  18 orcs
  9 giant cockroaches
  7 goblins
  3 hobgoblins
  10 jackals
  6 quokkas
  4 bats
  8 frilled lizards
  A giant cockroach zombie (D:5)
  11 kobolds
  6 rats
229 creatures vanquished.

Vanquished Creatures (others)
  A giant cockroach (D:6)
1 creature vanquished.

Grand Total: 230 creatures vanquished

Notes
Turn   | Place    | Note
-------+----------+-------------------------------------------
     0 | D:1      | bombasticus the Minotaur Berserker began the quest for the Orb.
     0 | D:1      | Reached XP level 1. HP: 19/19 MP: 0/0
   112 | D:1      | Reached XP level 2. HP: 11/27 MP: 1/1
   797 | D:2      | Found a bloodstained altar of Trog.
   893 | D:2      | Found a shadowy altar of Dithmenos.
   993 | D:2      | Reached XP level 3. HP: 33/33 MP: 2/2
  1369 | D:2      | Reached skill level 1 in Maces & Flails
  1534 | D:3      | Noticed CanadianGator's ghost (amateur MiBe)
  1537 | D:3      | Reached ** piety under Trog
  1544 | D:3      | Killed CanadianGator's ghost
  1544 | D:3      | Reached XP level 4. HP: 41/41 MP: 3/3
  1544 | D:3      | Reached XP level 5. HP: 47/47 MP: 4/4
  1731 | D:3      | Noticed Natasha
  1740 | D:3      | Killed Natasha
  1740 | D:3      | Reached skill level 5 in Fighting
  2034 | D:3      | Noticed Natasha
  2047 | D:3      | Killed Natasha
  2118 | D:3      | Found a glowing silver altar of Zin.
  2118 | D:3      | Noticed an angel
  2255 | D:3      | Found a glowing golden altar of the Shining One.
  2457 | D:3      | You fall through a shaft for 3 floors!
  2457 | D:6      | Noticed a centaur
  2464 | D:6      | Killed a centaur
  2464 | D:6      | Reached XP level 6. HP: 49/56 MP: 5/5
  2557 | D:6      | Reached skill level 5 in Maces & Flails
  2557 | D:6      | Reached XP level 7. HP: 52/62 MP: 6/6
  2643 | D:6      | Reached *** piety under Trog
  3132 | D:5      | Entered Level 5 of the Dungeon
  3168 | D:5      | Reached skill level 5 in Armour
  3312 | D:5      | Found a runed door.
  3316 | D:5      | Noticed Crazy Yiuf
  3322 | D:5      | Killed Crazy Yiuf
  3722 | D:5      | Reached XP level 8. HP: 28/71 MP: 7/7
  3870 | D:5      | Found a staircase to the Ecumenical Temple.
  3913 | D:5      | Noticed Duvessa
  3913 | D:5      | Noticed Dowan
  3918 | D:5      | Killed Duvessa
  3918 | D:5      | Reached skill level 1 in Staves
  3932 | D:5      | Killed Dowan
  3995 | D:5      | Reached skill level 2 in Staves
  4092 | D:5      | Found a sparkling altar of Nemelex Xobeh.
  4277 | D:5      | Noticed CanadianGator's ghost (novice MiBe)
  4289 | D:5      | Killed CanadianGator's ghost
  4289 | D:5      | Reached skill level 4 in Staves
  4289 | D:5      | Reached skill level 1 in Stealth
  4291 | D:5      | Found an iron altar of Okawaru.
  4902 | D:4      | Reached **** piety under Trog
  5300 | D:4      | Reached skill level 5 in Staves
  5300 | D:4      | Reached XP level 9. HP: 78/79 MP: 8/8
  5858 | D:8      | Reached skill level 6 in Staves
  6112 | D:8      | Reached skill level 7 in Staves
  6125 | D:8      | Reached skill level 8 in Staves
  6214 | D:8      | Found a snail-covered altar of Cheibriados.
  6811 | D:7      | Found a radiant altar of Vehumet.
  6811 | D:7      | Found a shimmering altar of Xom.
  6954 | D:7      | Reached skill level 9 in Staves
  7049 | D:7      | Found a runed door.
  7057 | D:7      | Found a runed gate.
  7058 | D:7      | Found a runed door.
  7067 | D:7      | Reached XP level 10. HP: 88/90 MP: 9/9
  7545 | D:7      | Found a runed gate.
  7557 | D:7      | Found a runed gate.
  7565 | D:7      | Reached skill level 5 in Dodging
  7574 | D:7      | Reached skill level 10 in Staves
  7592 | D:7      | Reached ***** piety under Trog
  7598 | D:7      | Received a gift from Trog
  7904 | D:9      | Found a staircase to the Lair.
  8448 | D:9      | Found a runed door.
  8448 | D:9      | Noticed a sixfirhy
  8512 | D:10     | Entered Level 10 of the Dungeon
  8524 | D:10     | Reached skill level 11 in Staves
  8547 | D:10     | Noticed Erica
  8557 | D:10     | Killed Erica
  8557 | D:10     | Reached skill level 5 in Stealth
  8665 | D:10     | Reached XP level 11. HP: 93/99 MP: 10/10
  8948 | D:10     | Noticed a hill giant
  8951 | D:10     | Mangled by a hill giant

Skill      XL: |  1  2  3  4  5  6  7  8  9 10 |
---------------+-------------------------------+-----
Long Blades    | 4 |  4.8
Fighting       | 4 5 6 7 8 9 |  9.8
Armour         | 3 4 5 6 |  6.8
Maces & Flails | 2 3 5 6 7 |  7.3
Dodging        | 3 4 6 |  6.0
Staves         | 5 9 11 | 11.5
Stealth        | 1 3 5 |  5.4
Throwing       | |  0.8
Evocations     | |  0.1

Action                   |  1- 3 |  4- 6 |  7- 9 | 10-12 || total
-------------------------+-------+-------+-------+-------++-------
Melee: Falchion          |    24 |       |       |       ||    24
       Headbutt          |     9 |    16 |    69 |    46 ||   140
       Mace              |    50 |    63 |       |       ||   113
       Flail             |       |    18 |    54 |       ||    72
       Quarterstaff      |       |       |   184 |   183 ||   367
Throw: Tomahawk          |       |       |     6 |       ||     6
Invok: Berserk           |     1 |       |     2 |     1 ||     4
       Burn Spellbooks   |       |       |     1 |     1 ||     2
 Abil: Evoke Flight      |       |       |     1 |       ||     1
  Use: Scroll            |       |       |     4 |       ||     4
 Stab: Sleeping          |       |       |     9 |    12 ||    21
       Paralysed         |       |       |     1 |       ||     1
       Distracted        |       |       |     1 |       ||     1
       Petrifying        |       |       |       |     1 ||     1
       Petrified         |       |       |       |     1 ||     1
  Eat: Chunk             |     2 |     4 |    18 |     7 ||    31
Armor: Scale mail        |    27 |    48 |    35 |       ||   110
       Animal skin       |     1 |       |       |       ||     1
       Leather armour    |       |       |    36 |    50 ||    86
Dodge: Dodged            |    37 |    64 |   167 |   114 ||   382
